A - U25
LAKE COUNTY CAPTAINS @ QUAD CITIES RIVER BANDITS
06/20/2052
 
TOP OF THE 1ST
Lansing Lugnuts batting - Pitching for Dayton Dragons : RHP Grover Dumont
Pitching: RHP Grover Dumont
Batting: LHB Karvel Wilder 0-0: Called Strike
0-1: Fly out, F8 (Flyball, 8LD, EV 91.2 MPH)
Batting: RHB Elliott Logan 0-0: Swinging Strike
0-1: Swinging Strike
0-2: Foul Ball, location: 2F
0-2: Ball
1-2: Strikes out swinging
Batting: LHB Lloyd Parker 0-0: Ground out 4-3 (Groundball, 4, EV 90.6 MPH)
Top of the 1st over - 0 runs, 0 hits, 0 errors, 0 left on base; Lansing 0 - Dayton 0
BOTTOM OF THE 1ST
Dayton Dragons batting - Pitching for Lansing Lugnuts : RHP Jacob Sertori
Pitching: RHP Jacob Sertori
Batting: LHB Jesse Lindsay 0-0: Ball
1-0: Ball
2-0: Swinging Strike
2-1: Swinging Strike
2-2: Foul Ball, location: 2F
2-2: Ball
3-2: Base on Balls
Batting: RHB Santiago Trujillo 0-0: Ball
1-0: Fly out, F8 (Flyball, 8RM, EV 85.0 MPH)
Batting: LHB Felipe Fernández 0-0: Fly out, F9 (Line Drive, 9, EV 90.6 MPH)
Batting: LHB Justin Pimentel 0-0: Ball
1-0: Swinging Strike
1-1: Foul Ball, location: 2F
1-2: SINGLE (Flyball, 4D, EV 91.9 MPH)
Jesse Lindsay to second
Jesse Lindsay to third
Batting: RHB Augusto Marin 0-0: Ball
1-0: Ball
2-0: Ball
3-0: Called Strike
3-1: Base on Balls
Justin Pimentel to second
Batting: LHB T.J. Gootblod 0-0: Ball
1-0: Ball
2-0: Foul Ball, location: 2F
2-1: Ball
3-1: Fielders Choice at 2nd, 6-4 (Groundball, 6, EV 105.0 MPH)
Bottom of the 1st over - 0 runs, 1 hit, 0 errors, 3 left on base; Lansing 0 - Dayton 0
TOP OF THE 2ND
Lansing Lugnuts batting - Pitching for Dayton Dragons : RHP Grover Dumont
Batting: RHB J.L. Anderson 0-0: Ball
1-0: Reached on error, E6 (Groundball, 6S, EV 68.8 MPH)
Batting: RHB Isiah Pugh 0-0: Ball
1-0: Foul Ball, location: 2F
1-1: Swinging Strike
1-2: Ball
2-2: Foul Ball, location: 2F
2-2: Ball
3-2: Strikes out looking
Batting: LHB Cooper Rasmussen 0-0: SINGLE (Groundball, 6MS, EV 73.8 MPH) (infield hit)
J.L. Anderson to second
Batting: RHB Cliff Szwedo 0-0: Ball
1-0: Foul Ball, location: 2F
1-1: Foul Ball, location: 2F
1-2: Ball
2-2: Grounds into double play, 6-4-3 (Groundball, 6, EV 85.0 MPH)
Top of the 2nd over - 0 runs, 1 hit, 1 error, 1 left on base; Lansing 0 - Dayton 0
BOTTOM OF THE 2ND
Dayton Dragons batting - Pitching for Lansing Lugnuts : RHP Jacob Sertori
Batting: RHB Tsuneichi Kumagai 0-0: Ground out 4-3 (Groundball, 34, EV 87.5 MPH)
Batting: RHB Franklin Ferrer 0-0: Fly out, F9 (Flyball, 9S, EV 87.5 MPH)
Batting: SHB Josh McLain 0-0: Called Strike
0-1: Called Strike
0-2: Ground out 4-3 (Groundball, 4, EV 103.1 MPH)
Bottom of the 2nd over - 0 runs, 0 hits, 0 errors, 0 left on base; Lansing 0 - Dayton 0
TOP OF THE 3RD
Lansing Lugnuts batting - Pitching for Dayton Dragons : RHP Grover Dumont
Batting: RHB Danny Knapp 0-0: Called Strike
0-1: Foul Ball, location: 2F
0-2: Ball
1-2: Ball
2-2: Hit by Pitch
Batting: RHB Zach Piva 0-0: Ball
1-0: Foul Ball, location: 2F
1-1: Ball
2-1: Swinging Strike
2-2: Ball
3-2: Strikes out swinging
Danny Knapp steals 2nd base
Batter strikes out.
Batting: LHB Karvel Wilder 0-0: Ball
1-0: Ball
2-0: Fly out, F8 (Line Drive, 8LM, EV 99.4 MPH)
Batting: RHB Elliott Logan 0-0: Ball
1-0: Swinging Strike
1-1: SINGLE (Groundball, 56D, EV 100.6 MPH)
Danny Knapp to third
Runner from 3rd tries for Home, SAFE, throw by LF to home
Batting: LHB Lloyd Parker 0-0: Foul Ball, location: 2F
0-1: Ball
1-1: Ball
2-1: Foul Ball, location: 2F
2-2: Fly out, F8 (Flyball, 8RM, EV 79.4 MPH)
Top of the 3rd over - 1 run, 1 hit, 0 errors, 1 left on base; Lansing 1 - Dayton 0
BOTTOM OF THE 3RD
Dayton Dragons batting - Pitching for Lansing Lugnuts : RHP Jacob Sertori
Batting: LHB Jesse Lindsay 0-0: Called Strike
0-1: Ball
1-1: SINGLE (Line Drive, 9LS, EV 103.8 MPH)
Batting: RHB Santiago Trujillo 0-0: Ball
1-0: Called Strike
1-1: Ball
2-1: Foul Ball, location: 2F
2-2: Grounds into double play, 4-6-3 (Groundball, 34, EV 107.5 MPH)
Batting: LHB Felipe Fernández 0-0: Called Strike
0-1: Swinging Strike
0-2: Ball
1-2: Strikes out swinging
Bottom of the 3rd over - 0 runs, 1 hit, 0 errors, 0 left on base; Lansing 1 - Dayton 0
TOP OF THE 4TH
Lansing Lugnuts batting - Pitching for Dayton Dragons : RHP Grover Dumont
Batting: RHB J.L. Anderson 0-0: Called Strike
0-1: Fly out, F2 (Popup, 2LF, EV 90.0 MPH)
Batting: RHB Isiah Pugh 0-0: Called Strike
0-1: Ball
1-1: Called Strike
1-2: Ground out 5-3 (Groundball, 56, EV 100.0 MPH)
Batting: LHB Cooper Rasmussen 0-0: Ball
1-0: Ball
2-0: TRIPLE (Line Drive, 8LD, EV 90.0 MPH)
Batting: RHB Cliff Szwedo 0-0: Ball
1-0: Called Strike
1-1: Ball
2-1: Fly out, F8 (Flyball, 8RM, EV 92.5 MPH)
Top of the 4th over - 0 runs, 1 hit, 0 errors, 1 left on base; Lansing 1 - Dayton 0
BOTTOM OF THE 4TH
Dayton Dragons batting - Pitching for Lansing Lugnuts : RHP Jacob Sertori
Batting: LHB Justin Pimentel 0-0: Ball
1-0: Foul Ball, location: 2F
1-1: Foul Ball, location: 2F
1-2: Ground out 4-3 (Groundball, 4, EV 82.5 MPH)
Batting: RHB Augusto Marin 0-0: Ball
1-0: Swinging Strike
1-1: Ball
2-1: Foul Ball, location: 2F
2-2: Ball
3-2: Strikes out swinging
Batting: LHB T.J. Gootblod 0-0: Ball
1-0: Swinging Strike
1-1: Called Strike
1-2: Ball
2-2: Foul Ball, location: 2F
2-2: Foul Ball, location: 2F
2-2: Ball
3-2: Ground out 6-3 (Groundball, 6S, EV 88.1 MPH)
Bottom of the 4th over - 0 runs, 0 hits, 0 errors, 0 left on base; Lansing 1 - Dayton 0
TOP OF THE 5TH
Lansing Lugnuts batting - Pitching for Dayton Dragons : RHP Grover Dumont
Batting: RHB Danny Knapp 0-0: Ball
1-0: Called Strike
1-1: Foul Ball, location: 2F
1-2: Fly out, F8 (Flyball, 8RXD, EV 81.9 MPH)
Batting: RHB Zach Piva 0-0: Called Strike
0-1: Ball
1-1: Foul Ball, location: 2F
1-2: Ball
2-2: Strikes out swinging
Batting: LHB Karvel Wilder 0-0: Called Strike
0-1: Ground out 1-3 (Groundball, 23, EV 72.5 MPH)
Top of the 5th over - 0 runs, 0 hits, 0 errors, 0 left on base; Lansing 1 - Dayton 0
BOTTOM OF THE 5TH
Dayton Dragons batting - Pitching for Lansing Lugnuts : RHP Jacob Sertori
Batting: RHB Tsuneichi Kumagai 0-0: Ball
1-0: Swinging Strike
1-1: Ball
2-1: Swinging Strike
2-2: Strikes out swinging
Batting: RHB Franklin Ferrer 0-0: Swinging Strike
0-1: Ball
1-1: Swinging Strike
1-2: Strikes out swinging
Batting: SHB Josh McLain 0-0: Ball
1-0: Swinging Strike
1-1: Foul Ball, location: 2F
1-2: Foul Ball, location: 2F
1-2: SINGLE (Line Drive, 7LS, EV 95.6 MPH)
Batting: LHB Jesse Lindsay 0-0: Ball
1-0: Foul Ball, location: 2F
1-1: Ball
2-1: Ball
Wild Pitch!
Josh McLain to second
3-1: Foul Ball, location: 2F
3-2: Strikes out looking
Bottom of the 5th over - 0 runs, 1 hit, 0 errors, 1 left on base; Lansing 1 - Dayton 0
TOP OF THE 6TH
Lansing Lugnuts batting - Pitching for Dayton Dragons : RHP Grover Dumont
Batting: RHB Elliott Logan 0-0: Ball
1-0: Ball
2-0: Swinging Strike
2-1: Fly out, F3 (Popup, 23F, EV 88.1 MPH)
Batting: LHB Lloyd Parker 0-0: Called Strike
0-1: Ball
1-1: Called Strike
1-2: Ball
2-2: Strikes out looking
Batting: RHB J.L. Anderson 0-0: Ball
1-0: Ball
2-0: Ball
3-0: Base on Balls
Batting: RHB Isiah Pugh 0-0: SINGLE (Line Drive, 4D, EV 102.5 MPH)
J.L. Anderson to second
Batting: LHB Cooper Rasmussen 0-0: Swinging Strike
0-1: SINGLE (Line Drive, 9S, EV 105.6 MPH)
J.L. Anderson to third
Isiah Pugh to second
Runner from 3rd tries for Home, SAFE, throw by RF to home
Batting: RHB Cliff Szwedo 0-0: Ball
1-0: Ball
2-0: Foul Ball, location: 2F
2-1: Ball
3-1: Reached on error, E6 (Groundball, 6, EV 82.5 MPH)
Isiah Pugh to third
Cooper Rasmussen to second
Batting: RHB Danny Knapp 0-0: Fielders Choice at 2nd, 6-4 (Groundball, 56, EV 97.5 MPH)
Top of the 6th over - 1 run, 2 hits, 1 error, 3 left on base; Lansing 2 - Dayton 0
BOTTOM OF THE 6TH
Dayton Dragons batting - Pitching for Lansing Lugnuts : RHP Jacob Sertori
Batting: RHB Santiago Trujillo 0-0: Ball
1-0: Ball
2-0: Bunted foul
2-1: Ball
3-1: Called Strike
3-2: SINGLE (Groundball, 56D, EV 107.5 MPH)
Batting: LHB Felipe Fernández 0-0: Ball
Santiago Trujillo steals 2nd base
1-0: Called Strike
1-1: Ball
2-1: Swinging Strike
2-2: Ball
3-2: Strikes out swinging
Batting: LHB Justin Pimentel 0-0: Ball
1-0: Called Strike
1-1: Swinging Strike
1-2: Ball
2-2: Ball
3-2: Strikes out swinging
Batting: RHB Augusto Marin 0-0: Foul Ball, location: 2F
0-1: Ball
1-1: Called Strike
1-2: Ball
2-2: Strikes out looking
Bottom of the 6th over - 0 runs, 1 hit, 0 errors, 1 left on base; Lansing 2 - Dayton 0
TOP OF THE 7TH
Lansing Lugnuts batting - Pitching for Dayton Dragons : RHP Grover Dumont
Batting: RHB Zach Piva 0-0: Ball
1-0: Swinging Strike
1-1: Foul Ball, location: 2F
1-2: Ball
2-2: Foul Ball, location: 2F
2-2: Ball
3-2: Foul Ball, location: 2F
3-2: Strikes out swinging
Batting: LHB Karvel Wilder 0-0: Foul Ball, location: 2F
0-1: Ball
1-1: Foul Ball, location: 2F
1-2: Foul Ball, location: 2F
1-2: Fly out, F6 (Flyball, 5D, EV 90.6 MPH)
Batting: RHB Elliott Logan 0-0: Ball
1-0: Called Strike
1-1: Ground out 6-3 (Groundball, 6D, EV 87.5 MPH)
Top of the 7th over - 0 runs, 0 hits, 0 errors, 0 left on base; Lansing 2 - Dayton 0
BOTTOM OF THE 7TH
Dayton Dragons batting - Pitching for Lansing Lugnuts : RHP Jacob Sertori
Batting: LHB T.J. Gootblod 0-0: SINGLE (Line Drive, 78S, EV 106.2 MPH)
Batting: RHB Tsuneichi Kumagai 0-0: Called Strike
0-1: Ball
1-1: Sac Bunt to 23 - play at first, batter OUT! 3-4
T.J. Gootblod to second
Batting: RHB Franklin Ferrer 0-0: Called Strike
0-1: Fly out, F4 (Popup, 4D, EV 45.0 MPH)
Batting: SHB Josh McLain 0-0: Ball
1-0: Foul Ball, location: 2F
1-1: Foul Ball, location: 2F
1-2: Fly out, F6 (Popup, 6MD, EV 42.5 MPH)
Bottom of the 7th over - 0 runs, 1 hit, 0 errors, 1 left on base; Lansing 2 - Dayton 0
TOP OF THE 8TH
Lansing Lugnuts batting - Pitching for Dayton Dragons : RHP Grover Dumont
Pitching: RHP Doug DiMaggio
Batting: LHB Lloyd Parker 0-0: SINGLE (Groundball, 4D, EV 93.8 MPH)
Batting: RHB J.L. Anderson 0-0: Fly out, F8 (Flyball, 8RD, EV 94.4 MPH)
Batting: RHB Isiah Pugh 0-0: Swinging Strike
0-1: Ball
1-1: Ball
2-1: Foul Ball, location: 2F
2-2: Foul Ball, location: 2F
2-2: Fly out, F9 (Flyball, 9, EV 84.4 MPH)
Batting: LHB Cooper Rasmussen 0-0: Ball
1-0: SINGLE (Line Drive, 5D, EV 97.5 MPH)
Lloyd Parker to second
Batting: RHB Cliff Szwedo 0-0: Fly out, F8 (Flyball, 8RD, EV 104.4 MPH)
Top of the 8th over - 0 runs, 2 hits, 0 errors, 2 left on base; Lansing 2 - Dayton 0
BOTTOM OF THE 8TH
Dayton Dragons batting - Pitching for Lansing Lugnuts : RHP Jacob Sertori
Pitching: LHP Jose Quinones
Pinch Hitting: RHB Elvis Matheny 0-0: Ground out U3 (Groundball, 3, EV 111.2 MPH)
Pitching: LHP Soren Bertke
Batting: RHB Santiago Trujillo 0-0: Ball
1-0: Ball
2-0: Called Strike
2-1: Foul Ball, location: 2F
2-2: Strikes out swinging
Batting: LHB Felipe Fernández 0-0: Foul Ball, location: 2F
0-1: Ball
1-1: Ball
2-1: Foul Ball, location: 2F
2-2: Strikes out swinging
Bottom of the 8th over - 0 runs, 0 hits, 0 errors, 0 left on base; Lansing 2 - Dayton 0
TOP OF THE 9TH
Lansing Lugnuts batting - Pitching for Dayton Dragons : RHP Doug DiMaggio
Pitching: RHP Cristofor Moreno
Now at 1B: Elvis Matheny
Now in LF: Augusto Marin
Now in RF: Justin Pimentel
Batting: RHB Danny Knapp 0-0: Ball
1-0: Called Strike
1-1: Ball
2-1: SOLO HOME RUN (Flyball, 78XD, EV 108.8 MPH), Distance : 392 ft
Batting: RHB Zach Piva 0-0: Ball
1-0: Ball
2-0: Ball
3-0: Base on Balls
Batting: LHB Karvel Wilder 0-0: Reached on error, E3 (Groundball, 3S, EV 43.8 MPH)
Zach Piva to second
Batting: RHB Elliott Logan 0-0: Ball
1-0: Foul Ball, location: 2F
1-1: Ball
2-1: Fly out, F9 (Flyball, 89M, EV 95.0 MPH)
Batting: LHB Lloyd Parker 0-0: Fly out, F8 (Line Drive, 8LM, EV 91.9 MPH)
Batting: RHB J.L. Anderson 0-0: Foul Ball, location: 2F
0-1: Fly out, F9 (Flyball, 89S, EV 86.9 MPH)
Top of the 9th over - 1 run, 1 hit, 1 error, 2 left on base; Lansing 3 - Dayton 0
BOTTOM OF THE 9TH
Dayton Dragons batting - Pitching for Lansing Lugnuts : LHP Soren Bertke
Pitching: RHP Keenan Housenga
Batting: LHB Justin Pimentel 0-0: Ball
1-0: Fly out, F7 (Flyball, 7, EV 73.1 MPH)
Batting: RHB Augusto Marin 0-0: Ball
1-0: Foul Ball, location: 2F
1-1: Ball
2-1: Swinging Strike
2-2: Ball
3-2: Strikes out swinging
Batting: LHB T.J. Gootblod 0-0: Ball
1-0: Ball
2-0: Called Strike
2-1: Foul Ball, location: 2F
2-2: Ball
3-2: Strikes out swinging
Bottom of the 9th over - 0 runs, 0 hits, 0 errors, 0 left on base; Lansing 3 - Dayton 0
Thursday, April 25th , 2024 - OOTP Baseball 24.11 Build 85